 Dungeon Crawl Stone Soup version 0.28.0 (webtiles) character file.

Game seed: 1714365669156067394

35 zeram the Caller (level 3, -8/25 HPs)
             Began as a Gnoll Summoner on Feb 15, 2022.
             Mangled by an iguana (11 damage)
             ... on level 2 of the Dungeon.
             The game lasted 00:02:08 (1300 turns).

zeram the Caller (Gnoll Summoner)                   Turns: 1300, Time: 00:02:09

Health: -8/25      AC:  3    Str:  7    XL:     3   Next: 33%
Magic:  3/9        EV: 13    Int: 16    God:
Gold:   57         SH:  0    Dex: 12    Spells: 6/12 levels left

rFire   . . .      SeeInvis .   d - +0 club
rCold   . . .      Faith    .   (no shield)
rNeg    . . .      Spirit   .   a - +0 robe
rPois   .          Reflect  .   (no helmet)
rElec   .          Harm     .   (no cloak)
rCorr   .          Rampage  .   (no gloves)
Will    .....                   c - +0 pair of boots
Stlth   ++........              (no amulet)
HPRegen 0.08/turn               (no ring)
MPRegen 0.11/turn               (no ring)

@: no status effects
A: fangs 1, strong nose, distributed training
a: no special abilities


You were on level 2 of the Dungeon.
You visited 1 branch of the dungeon, and saw 2 of its levels.

You collected 57 gold pieces.

Inventory:

Hand Weapons
 d - a +0 club (weapon)
Armour
 a - a +0 robe (worn)
 c - a +0 pair of boots (worn)


   Skills:
 + Level 0.7 Fighting
 + Level 0.7 Short Blades
 + Level 0.7 Long Blades
 + Level 0.7 Axes
 + Level 0.7 Maces & Flails
 + Level 0.7 Polearms
 + Level 0.7 Staves
 + Level 0.7 Slings
 + Level 0.7 Bows
 + Level 0.7 Crossbows
 + Level 0.7 Throwing
 + Level 0.7 Armour
 + Level 4.5 Dodging
 + Level 4.1 Stealth
 + Level 0.7 Shields
 + Level 0.7 Unarmed Combat
 + Level 5.0 Spellcasting
 + Level 0.5 Conjurations
 + Level 0.5 Hexes
 + Level 7.1 Summonings
 + Level 0.5 Necromancy
 + Level 0.5 Translocations
 + Level 0.5 Transmutations
 + Level 0.5 Fire Magic
 + Level 0.5 Ice Magic
 + Level 0.5 Air Magic
 + Level 0.5 Earth Magic
 + Level 0.5 Poison Magic
 + Level 0.9 Invocations
 + Level 0.7 Evocations


You had 6 spell levels left.
You knew the following spells:

 Your Spells              Type           Power      Damage    Failure   Level
a - Summon Small Mammal   Summ           100%       N/A       1%          1
b - Call Imp              Summ           26%        N/A       1%          2
c - Call Canine Familiar  Summ           26%        N/A       2%          3

Your spell library contained the following spells:

 Spells                   Type           Power      Damage    Failure   Level
 Summon Guardian Golem    Hex/Summ       16%        N/A       10%         3
 Summon Lightning Spire   Summ/Air       16%        N/A       32%         4


Dungeon Overview and Level Annotations

Branches:
Dungeon (2/15)

Altars:

Shops:
D:1 *


Innate Abilities, Weirdness & Mutations

You have very sharp teeth.
Your uncanny sense of smell can sniff out nearby items.
Your experience applies equally to all skills.


Message History

The iguana bites your white imp!
Your white imp dies!
Your white imp disappears in a puff of smoke!
The iguana bites you!
You barely miss the iguana.
The iguana is heavily wounded.
The iguana misses you.
Casting: Call Imp (safe; 1% risk of failure)
Confirm with . or Enter, or press ? or * to list all spells.
A beastly little devil appears in a puff of flame.
The iguana bites you!
Ouch! That really hurt!
* * * LOW HITPOINT WARNING * * *
A rat comes into view.
The rat moves out of view.
You swap places.
The iguana barely misses your crimson imp.
Your crimson imp barely misses the iguana.
Casting: Call Imp (safe; 1% risk of failure)
Confirm with . or Enter, or press ? or * to list all spells.
The rat bites your bat. The iguana bites your crimson imp.
Your crimson imp blinks!
You swap places.
The rat barely misses you.
Your bat barely misses the rat.
The rat misses your crimson imp.
Casting: Summon Small Mammal (safe; 1% risk of failure)
Confirm with . or Enter, or press ? or * to list all spells.
Your bat hits the rat. The rat misses your crimson imp.
The iguana closely misses your bat.
Your bat barely misses the rat.
Your crimson imp blinks!
Unknown command.
Your bat hits the rat but does no damage.
Your rat bites the rat.
The rat dies!
Casting: Summon Small Mammal (safe; 1% risk of failure)
Confirm with . or Enter, or press ? or * to list all spells.
Your bat disappears in a puff of smoke!
Your rat barely misses the iguana.
Your rat bites the iguana but does no damage.
You swap places.
Your quokka closely misses the iguana.
The iguana bites you!
You die...

#. #..# . #..##hg# .
.....b.# .########
...##.## 5.......
#..>..##########...#
..........†......#.#
#.......########§r.#
........#########l.#
#...............@r.#
...†...†#########.##
........# #...
#..###### ##### #..#
...###### .........
.).###### #..# ∆


You could see an iguana (ally target), a friendly quokka (summoned) and a
friendly rat (summoned).

Vanquished Creatures
  A giant cockroach (D:2)
  A hobgoblin (D:1)
  3 ball pythons (D:1)
  3 goblins
  A rat (D:2)
9 creatures vanquished.

Vanquished Creatures (collateral kills)
  An adder (D:2)
  2 ball pythons (D:2)
  2 endoplasms
  A giant cockroach (D:2)
  A goblin (D:1)
  A hobgoblin (D:1)
  2 jackals (D:2)
  2 bats (D:1)
  3 rats
15 creatures vanquished.

Grand Total: 24 creatures vanquished

Notes
Turn   | Place    | Note
-------+----------+-------------------------------------------
     0 | D:1      | zeram the Gnoll Summoner began the quest for the Orb.
     0 | D:1      | Reached XP level 1. HP: 13/13 MP: 6/6
    48 | D:1      | Found Donuim's Assorted Antiques.
   463 | D:1      | Reached XP level 2. HP: 18/19 MP: 5/7
   489 | D:1      | Learned a level 2 spell: Call Imp
  1156 | D:2      | Reached skill level 5 in Spellcasting
  1156 | D:2      | Reached XP level 3. HP: 17/25 MP: 6/9
  1160 | D:2      | Learned a level 3 spell: Call Canine Familiar
  1300 | D:2      | Mangled by an iguana

Illustrated notes

Levels and vault maps discovered:
D:1:      tarquinn_simple_flora_water_d, layout_basic, serial_shops,
          nicolae_shop_competitors_out_of_business
D:2:      layout_loops_ring

Skill      XL: |  1  2 |
---------------+-------+-----
Spellcasting   | 5 |  5.0
Fighting       | |  0.7
Short Blades   | |  0.7
Long Blades    | |  0.7
Axes           | |  0.7
Maces & Flails | |  0.7
Polearms       | |  0.7
Staves         | |  0.7
Slings         | |  0.7
Bows           | |  0.7
Crossbows      | |  0.7
Throwing       | |  0.7
Armour         | |  0.7
Dodging        | |  4.5
Stealth        | |  4.1
Shields        | |  0.7
Unarmed Combat | |  0.7
Conjurations   | |  0.5
Hexes          | |  0.5
Summonings     | |  7.1
Necromancy     | |  0.5
Translocations | |  0.5
Transmutations | |  0.5
Fire Magic     | |  0.5
Ice Magic      | |  0.5
Air Magic      | |  0.5
Earth Magic    | |  0.5
Poison Magic   | |  0.5
Invocations    | |  0.9
Evocations     | |  0.7

Action                   || total
-------------------------++-------
Melee: Unarmed           ||    27
       Club              ||    48
       Bite              ||     6
       Punch             ||     2
 Cast: Summon Small Mamm ||    27
       Call Imp          ||     3
  Use: Scroll            ||     1
Armor: Robe              ||    20
Dodge: Dodged            ||    83
